 Dungeon Crawl Stone Soup version 0.30-a0-465-g8901f6c8b5 (webtiles) character file.

Game seed: 8417112913617639123

288 ryw the Chopper (level 6, -2/55 HPs)
             Began as a Hill Orc Berserker on Dec 18, 2022.
             Was a Priest of Trog.
             Slain by a gnoll
             ... wielding a +0 flail
             ... led by a gnoll bouda
              (7 damage)
             ... on level 5 of the Dungeon.
             The game lasted 00:06:36 (3069 turns).

ryw the Chopper (Hill Orc Berserker)                Turns: 3069, Time: 00:06:37

Health: -2/55      AC:  4    Str: 28    XL:     6   Next: 31%
Magic:  6/6        EV: 12    Int:  7    God:    Trog [***...]
Gold:   132        SH:  0    Dex:  8    Spells: 5/5 levels left

rFire   + . .      SeeInvis .    n - +9 long sword "Neanoc" {speed, rF+ Str+6}
rCold   . . .      Faith    +    (no shield)
rNeg    . . .      Spirit   .    r - +1 robe of the Bruised Stars {rPois Will++ Dex-2 Slay+5}
rPois   +          Reflect  .    m - +0 helmet
rElec   .          Harm     .    (no cloak)
rCorr   .          Rampage  .    (no gloves)
Will    +++..                    (no boots)
Stlth   +.........               h - amulet of faith
HPRegen 0.29/turn                g - ring of willpower
MPRegen 0.10/turn                (no ring)

@: no status effects
A: no striking features
a: Renounce Religion, Berserk, Trog's Hand


You were on level 5 of the Dungeon.
You worshipped Trog.
Trog was most pleased with you.
You visited 1 branch of the dungeon, and saw 5 of its levels.

You collected 132 gold pieces.

Inventory:

Hand Weapons
 l - a +0 war axe of chaos
 n - the +9 long sword "Neanoc" (weapon) {speed, rF+ Str+6}
   (You found it on level 4 of the Dungeon)

   Attacks with this weapon are significantly faster.
   Str:       It affects your strength (+6).
   rF:        It protects you from fire.
Missiles
 e - a throwing net (quivered)
Armour
 m - a +0 helmet (worn)
 r - the +1 robe of the Bruised Stars (worn) {rPois Will++ Dex-2 Slay+5}
   (You took it off an orc on level 3 of the Dungeon)

   Dex:       It affects your dexterity (-2).
   Slay:      It affects your accuracy & damage with ranged weapons and melee
   (+5).
   rPois:     It protects you from poison.
   Will:      It greatly increases your willpower.
Jewellery
 g - a ring of willpower (left hand)
 h - an amulet of faith (around neck)
Scrolls
 b - a scroll of poison
 j - a scroll of fear {unknown}
 k - 4 scrolls of vulnerability
Potions
 a - 2 potions of ambrosia
 c - 7 potions of curing
 d - 2 potions of lignification
 f - a potion of attraction
 i - a potion of heal wounds
 o - a potion of might {unknown}
 p - a potion of invisibility {unknown}
 q - a potion of flight {unknown}


   Skills:
 + Level 4.9 Fighting
 * Level 0.5 Long Blades
 - Level 6.3 Axes
 + Level 3.6 Armour
 + Level 2.7 Dodging


You had 5 spell levels left.
You didn't know any spells.
Your spell library was empty.

Dungeon Overview and Level Annotations

Branches:
Dungeon (5/15)
 Temple: D:4-7

Altars:
Okawaru

Annotations:
D:4 Eustachio


Message History

A gnoll comes into view. It is wielding a +0 halberd.
The gnoll throws a throwing net.
The throwing net closely misses you.
There is an open door here.
There are monsters nearby!
A jelly comes into view.
The gnoll hits you from afar with a +0 halberd!
The gnoll hits you with a +0 club.
A gnoll bouda comes into view. It is wielding a +0 club.
You closely miss the gnoll.
The gnoll bouda shouts!
The gnoll hits you from afar with a +0 halberd!
The gnoll hits you with a +0 club!
You slash the gnoll!
The gnoll is heavily wounded.
The gnoll closely misses you. The gnoll hits you but does no damage.
The gnoll bouda barks out a call to the hunt!
The gnolls pick up the pace!
You barely miss the gnoll.
The gnoll is heavily wounded.
The gnoll completely misses you. The gnoll barely misses you.
You slash the gnoll!
You kill the gnoll!
Trog accepts your kill. The gnoll closely misses you.
You slash the gnoll!
The gnoll is almost dead.
The gnoll misses you. The gnoll closely misses you.
You hit the gnoll.
You kill the gnoll!
Trog accepts your kill.
The gnoll hits you from afar with a +0 halberd!
The gnoll hits you with a +0 flail!
* * * LOW HITPOINT WARNING * * *
There is an open door here.
The gnoll hits you with a +0 flail!
* * * LOW HITPOINT WARNING * * *
The gnoll hits you from afar with a +0 halberd.
* * * LOW HITPOINT WARNING * * *
The gnoll hits you with a +0 flail!
You die...

#)# #.# #g#
##'## ##..J##
##.....##
##...(g..##
###.....g...#
........@...#
........<...#
###........##
#.#.....##
#.##...## #
##'## #<# #.#
#.#


You could see a gnoll bouda, a jelly and 2 gnolls.

Vanquished Creatures
  A sky beast (D:4)
  A scorpion (D:4)
  Robin (D:3)
  2 gnolls (D:5)
  An adder (D:3)
  A shadow imp (D:5)
  A worm (D:4)
  A dart slug (D:3)
  4 orcs
  6 ball pythons
  9 bats
  3 endoplasms (D:4)
  4 giant cockroaches
  14 goblins
  7 hobgoblins
  4 quokkas
  6 frilled lizards
  6 kobolds
  6 rats
78 creatures vanquished.

Notes
Turn   | Place    | Note
-------+----------+-------------------------------------------
     0 | D:1      | ryw the Hill Orc Berserker began the quest for the Orb.
     0 | D:1      | Reached XP level 1. HP: 19/19 MP: 1/1
   141 | D:1      | Reached XP level 2. HP: 25/27 MP: 2/2
   756 | D:2      | Reached XP level 3. HP: 31/33 MP: 3/3
   785 | D:2      | Reached ** piety under Trog
  1392 | D:3      | Identified the +1 robe of the Bruised Stars {rPois Will++
                  | Dex-2 Slay+5}
  1933 | D:3      | Reached XP level 4. HP: 36/40 MP: 4/4
  1961 | D:3      | Found an iron altar of Okawaru.
  1982 | D:4      | Noticed a scorpion
  1985 | D:4      | Reached skill level 5 in Axes
  1988 | D:4      | Killed a scorpion
  1989 | D:4      | Reached XP level 5. HP: 47/47 MP: 5/5
  2007 | D:4      | Noticed a sky beast
  2023 | D:4      | Killed a sky beast
  2024 | D:4      | Reached skill level 6 in Axes
  2153 | D:4      | Noticed Eustachio
  2431 | D:4      | Noticed Robin
  2494 | D:4      | Reached *** piety under Trog
  2501 | D:3      | Reached XP level 6. HP: 22/53 MP: 6/6
  2753 | D:3      | Killed Robin
  2967 | D:4      | Identified the +9 long sword "Neanoc" {speed, rF+ Str+6}
  3039 | D:5      | Entered Level 5 of the Dungeon
  3069 | D:5      | Slain by a gnoll

Illustrated notes

Levels and vault maps discovered:
D:1:      dpeg_arrival_stonehenge_8_columns, layout_loops_ring
D:2:      layout_basic
D:3:      layout_basic, mainiacjoe_overflow_tiny_flanked, kennysheep_nub
D:4:      layout_basic, uniq_robin, uniq_eustachio
D:5:      lemuel_castle_with_subvaults [lemuel_castle_interior_carwin_2],
          layout_loops_corners, overflow_temple_1_default, lemuel_round_altar,
          minmay_temple_entry_trees, serial_bayou_pond_d,
          hangedman_decor_opposing, uniq_edmund, uniq_grinder, uniq_ijyb,
          uniq_prince_ribbit1

Skill      XL: |  1  2  3  4  5 |
---------------+----------------+-----
Fighting       | 4 |  4.9
Dodging        | 2 |  2.7
Axes           | 5 6 |  6.3
Armour         | 3 |  3.6
Long Blades    | |  0.5

Action                   |  1- 3 |  4- 6 || total
-------------------------+-------+-------++-------
Melee: Hand axe          |    94 |       ||    94
       Punch             |     2 |     1 ||     3
       War axe           |    74 |    55 ||   129
       Long sword        |       |     8 ||     8
  Use: Scroll            |       |     9 ||     9
 Stab: Sleeping          |       |     1 ||     1
Armor: Animal skin       |    13 |       ||    13
       Ring mail         |    44 |       ||    44
       Robe              |       |    19 ||    19
Dodge: Dodged            |   140 |    83 ||   223

Table legend: (Time is in decaauts)
 A = Elapsed time spent in this place.
 B = Non-inter-level travel time spent in this place.
 C = Inter-level travel time spent in this place.
 D = Time resting spent in this place.
 E = Time spent auto-exploring this place.
 F = Levels seen in this place.
 G = Mean time per level.
                   A        B        C        D        E       F      G
               +--------+--------+--------+--------+--------+-----+--------+
         Total |   3112 |   3027 |     85 |    713 |   1540 |   5 |  622.4 |
       Dungeon |   3112 |   3027 |     85 |    713 |   1540 |   5 |  622.4 |
               +--------+--------+--------+--------+--------+-----+--------+

Top non-repeatable levels by time:
     D:3: 1181 daAuts
     D:1: 709 daAuts
     D:2: 684 daAuts
     D:4: 507 daAuts
     D:5: 29 daAuts
